[Event "Alekhine U1400"]
[Site "Gatineau CAN"]
[Date "2023.02.28"]
[Round "7"]
[White "Chartrand, Alexis"]
[Black "Simard, Paul"]
[Result "0-1"]
[ECO "D02"]
[WhiteElo "1144"]
[BlackElo "1268"]
[PlyCount "76"]
[EventDate "2023.01.17"]
[EventType "swiss"]
[EventRounds "7"]
[EventCountry "CAN"]
[TimeControl "60+30"]

1. d4 d5 2. c4 c6 3. Nf3 Bf5 4. Nc3 e6 5. Bf4 Nf6 6. e3 Bd6 7. Bxd6 Qxd6 8. c5
Qc7 9. Bd3 Bxd3 10. Qxd3 Nbd7 11. O-O O-O 12. e4 dxe4 13. Nxe4 h6 14. Nxf6+
Nxf6 15. b4 b5 16. cxb6 axb6 17. Rfc1 b5 18. Ne5 Ra6 19. a4 Rxa4 20. Rxa4 bxa4
21. Qa6 Nd5 22. Qxa4 Qb7 23. Nxc6 Ra8 24. Qb3 Qa6 25. h3 Qb6 26. b5 Nf4 27.
Ne7+ Kh8 28. Rc8+ Rxc8 29. Nxc8 Qxd4 30. b6 Ne2+ 31. Kh2 Qxf2 32. Qd1 Qf4+ 33.
Kh1 Ng3+ 34. Kg1 Qb8 35. Qb3 Ne2+ 36. Kh1 Qxc8 37. Qb5 Qc1+ 38. Kh2 Qg1# 0-1

[Event "Alekhine U1400"]
[Site "Gatineau CAN"]
[Date "2023.02.28"]
[Round "7"]
[White "Chenard, Paul"]
[Black "Gagne, Learry"]
[Result "0-1"]
[ECO "B40"]
[WhiteElo "905"]
[BlackElo "1123"]
[PlyCount "76"]
[EventDate "2023.01.17"]
[EventType "swiss"]
[EventRounds "7"]
[EventCountry "CAN"]
[TimeControl "60+30"]

1. e4 e6 2. Nf3 d5 3. Nc3 c5 4. exd5 exd5 5. Qe2+ Be7 6. Ne5 a6 7. g4 Nc6 8.
Qf3 Nxe5 9. Qg3 Nc6 10. Qe3 d4 11. Qe4 dxc3 12. dxc3 Nf6 13. Qe3 O-O 14. Be2
Re8 15. O-O Bxg4 16. Rd1 Qc7 17. f3 Bh5 18. b4 Bd6 19. Qf2 cxb4 20. Bd2 b6 21.
Kg2 Bc5 22. Qf1 a5 23. a3 bxa3 24. Re1 Rad8 25. Rad1 Bg6 26. f4 Ne4 27. Be3
Bxe3 28. Rxd8 Rxd8 29. Qf3 Qxf4 30. Qxf4 Bxf4 31. Bc4 Ne5 32. Re2 Rd2 33. Kf1
Rxe2 34. Kxe2 Nxc4 35. Kd3 Ncd6 36. h3 a2 37. Kd4 a1=Q 38. Kd3 Qd1# 0-1

[Event "Alekhine U1400"]
[Site "Gatineau CAN"]
[Date "2023.02.28"]
[Round "7"]
[White "De Carufel-Lebeau, Lucas"]
[Black "Deschenes, Ryan"]
[Result "1-0"]
[ECO "B01"]
[WhiteElo "1266"]
[BlackElo "1000"]
[PlyCount "83"]
[EventDate "2023.01.17"]
[EventType "swiss"]
[EventRounds "7"]
[EventCountry "CAN"]
[TimeControl "60+30"]

1. e4 d5 2. exd5 Qxd5 3. Nc3 Qe5+ 4. Qe2 Qa5 5. Qb5+ Nc6 6. Nd5 Bf5 7. Qxa5
Nxa5 8. Nxc7+ Kd8 9. Nxa8 Nc4 10. Bxc4 Bxc2 11. d3 e5 12. Bxf7 Bb4+ 13. Bd2
Bxd2+ 14. Kxd2 Ba4 15. Rc1 Bc6 16. f3 Nf6 17. Ne2 Ke7 18. Bb3 Rxa8 19. d4 e4
20. Nf4 Rd8 21. Ke3 g5 22. Nh3 g4 23. Ng5 exf3 24. gxf3 Nd5+ 25. Bxd5 Bxd5 26.
Rc7+ Kf6 27. Nxh7+ Kg6 28. Rg1 Kf5 29. fxg4+ Ke6 30. g5 Kd6 31. Rg7 Bxa2 32.
Rxb7 Bd5 33. Rxa7 Re8+ 34. Kd3 Be4+ 35. Kd2 Bxh7 36. Rxh7 Re4 37. Kd3 Kd5 38.
g6 Rxd4+ 39. Kc3 Rc4+ 40. Kb3 Kd4 41. Rg4+ Kd3 42. Rxc4 1-0

[Event "Alekhine U1400"]
[Site "Gatineau CAN"]
[Date "2023.02.28"]
[Round "7"]
[White "Deschenes, Stephane"]
[Black "Vachon, Jean-Clement"]
[Result "0-1"]
[ECO "B01"]
[WhiteElo "1000"]
[BlackElo "1190"]
[PlyCount "54"]
[EventDate "2023.01.17"]
[EventType "swiss"]
[EventRounds "7"]
[EventCountry "CAN"]
[TimeControl "60+30"]

1. e4 d5 2. f4 dxe4 3. Nc3 Nf6 4. b3 Bf5 5. d3 e6 6. Bb2 Bd6 7. g3 O-O 8. Nge2
e5 9. d4 exf4 10. gxf4 c6 11. Qd2 Nd5 12. O-O-O Qc7 13. Bg2 Nxf4 14. Rhg1 Nxe2+
15. Nxe2 Re8 16. Ng3 Bf4 17. Rgf1 Bxd2+ 18. Rxd2 e3 19. Re2 Bg4 20. Rxe3 Rxe3
21. Kb1 Na6 22. Bc1 Be2 23. Nxe2 Rxe2 24. Bf4 Qe7 25. Rc1 Rxg2 26. h3 Qe4 27.
Rf1 Qxc2+ 0-1

[Event "Alekhine U1400"]
[Site "Gatineau CAN"]
[Date "2023.02.28"]
[Round "7"]
[White "Paradis, Emile"]
[Black "Poitras, Sylvain"]
[Result "0-1"]
[ECO "C01"]
[WhiteElo "1432"]
[BlackElo "1308"]
[PlyCount "54"]
[EventDate "2023.01.17"]
[EventType "swiss"]
[EventRounds "7"]
[EventCountry "CAN"]
[TimeControl "60+30"]

1. e4 e6 2. d4 b6 3. Bf4 Bb7 4. Nd2 Nf6 5. e5 Nd5 6. Bg3 c5 7. c4 Ne7 8. dxc5
bxc5 9. Ngf3 Ng6 10. Qb3 Qc7 11. Bd3 Be7 12. Ne4 O-O 13. Nd6 Bxf3 14. Bxg6 fxg6
15. gxf3 Nc6 16. O-O-O Nd4 17. Qd3 Rxf3 18. Qe4 Raf8 19. b4 Bg5+ 20. Kb1 Qb6
21. b5 Qa5 22. Qe1 Qa4 23. Qe4 Qb4+ 24. Ka1 Nb3+ 25. axb3 Qa3+ 26. Kb1 Rxb3+
27. Kc2 Qa2# 0-1

[Event "CAN-ch w"]
[Site "Toronto CAN"]
[Date "2023.04.08"]
[Round "4.1"]
[White "Demchenko, Svitlana"]
[Black "D'Souza, Carina"]
[Result "0-1"]
[ECO "E73"]
[WhiteElo "2320"]
[BlackElo "1901"]
[PlyCount "150"]
[EventDate "2023.04.06"]
[EventType "swiss"]
[EventRounds "9"]
[EventCountry "CAN"]
[TimeControl "90"]

1. d4 Nf6 2. c4 g6 3. Nc3 Bg7 4. e4 d6 5. Be2 O-O 6. h4 c5 7. d5 e6 8. h5 exd5
9. exd5 Re8 10. Kf1 Nbd7 11. hxg6 fxg6 12. Nf3 Ne5 13. Bg5 Bg4 14. Qd2 Nf7 15.
Bf4 Nh5 16. Be3 Qf6 17. Kg1 Re7 18. Re1 Rae8 19. Bd1 h6 20. Nh2 Bxd1 21. Rxd1
g5 22. Ng4 Qg6 23. Rh3 Ne5 24. Nxe5 Bxe5 25. Qd3 Kg7 26. Bd2 a6 27. b3 Nf4 28.
Bxf4 Bxf4 29. Qxg6+ Kxg6 30. g3 Re1+ 31. Kg2 Rxd1 32. Nxd1 Bd2 33. g4 Re1 34.
Nc3 Bf4 35. Rd3 h5 36. gxh5+ Kxh5 37. Rd1 Rxd1 38. Nxd1 Kg4 39. Nc3 Kf5 40. Kf3
g4+ 41. Ke2 Ke5 42. Kd3 g3 43. fxg3 Bxg3 44. Na4 Be1 45. Nb6 Bh4 46. Nd7+ Kf5
47. Nf8 Bg5 48. Ne6 Bh4 49. Ke3 Ke5 50. Kf3 Kf5 51. Ng7+ Ke5 52. Kg4 Bd8 53.
Ne6 Ba5 54. Kg5 b5 55. Kg6 bxc4 56. bxc4 Ke4 57. Kf7 Be1 58. Nc7 Kd4 59. Ke6
Kxc4 60. Ne8 Kb4 61. Nxd6 c4 62. Nf5 c3 63. Ne3 Bh4 64. Ke5 Ka3 65. Ke4 Kxa2
66. Kd3 Kb3 67. d6 a5 68. d7 a4 69. Nc2 Bf6 70. Na1+ Ka2 71. d8=Q Bxd8 72. Kxc3
Ba5+ 73. Kc4 Kxa1 74. Kb5 a3 75. Kxa5 Kb2 0-1

[Event "Ding Liren-A"]
[Site "Gatineau CAN"]
[Date "2023.09.12"]
[Round "1"]
[White "Azar, Sebastien"]
[Black "Thompson, Francis"]
[Result "1-0"]
[ECO "B12"]
[WhiteElo "2053"]
[BlackElo "1749"]
[PlyCount "133"]
[EventDate "2023.09.12"]
[EventType "swiss"]
[EventRounds "5"]
[EventCountry "CAN"]
[TimeControl "90+30"]

1. e4 c6 2. d4 d5 3. e5 Bf5 4. Nf3 e6 5. Be2 c5 6. c4 Nc6 7. cxd5 exd5 8. Nc3
cxd4 9. Nxd4 Nxd4 10. Qxd4 Ne7 11. O-O Nc6 12. Qxd5 Qxd5 13. Nxd5 O-O-O 14. Nc3
Bc5 15. Bf4 Nd4 16. Rac1 Kb8 17. e6+ Bd6 18. Bxd6+ Rxd6 19. exf7 Nxe2+ 20. Nxe2
Rd2 21. Rfe1 Bg6 22. Nc3 Bxf7 23. Re7 Rf8 24. b3 Bg6 25. Re2 Rfd8 26. Rxd2 Rxd2
27. f3 a6 28. Re1 Rc2 29. Re3 b5 30. a3 Kb7 31. Ne2 Kc7 32. Nf4 Bf5 33. h4 Kd6
34. b4 Ra2 35. Ne2 Be6 36. Kh2 Bc4 37. Nf4 h6 38. h5 Bf7 39. Kg3 Bc4 40. Kg4
Bf7 41. Kf5 Rd2 42. g4 Rd4 43. Rd3 Rxd3 44. Nxd3 Kd5 45. Nc5 Kc4 46. Nxa6 Kb3
47. Nc7 Bc4 48. Kg6 Kxa3 49. Na6 Be2 50. Kxg7 Bxf3 51. Kxh6 Bxg4 52. Kg5 Be2
53. h6 Bd3 54. Kf6 Bb1 55. Kg7 Kb3 56. h7 Bxh7 57. Kxh7 Kc4 58. Kg6 Kd5 59. Kf5
Kd6 60. Kf6 Kd5 61. Ke7 Kc6 62. Ke6 Kb7 63. Nc5+ Kc6 64. Ke7 Kc7 65. Nd7 Kc6
66. Ke6 Kc7 67. Ne5 1-0

[Event "Ding Liren-A"]
[Site "Gatineau CAN"]
[Date "2023.09.12"]
[Round "1"]
[White "Jacques, Olivier"]
[Black "Legault, Stephane"]
[Result "1-0"]
[ECO "B51"]
[WhiteElo "1302"]
[BlackElo "1380"]
[PlyCount "133"]
[EventDate "2023.09.12"]
[EventType "swiss"]
[EventRounds "5"]
[EventCountry "CAN"]
[TimeControl "90+30"]

1. e4 c5 2. Nf3 Nc6 3. Bb5 d6 4. O-O Bd7 5. Re1 e5 6. Nc3 Nf6 7. a4 Be7 8. Bf1
O-O 9. d3 Bg4 10. Be2 a6 11. Bg5 Be6 12. Bxf6 Bxf6 13. Nd2 Nd4 14. Nc4 Qc7 15.
a5 Bxc4 16. dxc4 Qc6 17. Nd5 Bd8 18. Bg4 f5 19. Bf3 Nxf3+ 20. Qxf3 fxe4 21.
Qxe4 Rc8 22. Re3 Kh8 23. Rh3 h6 24. Raa3 Bg5 25. Qg4 Kg8 26. Qe6+ Kh7 27. Rhg3
Rce8 28. Qh3 Bf4 29. Rg4 Qd7 30. Qd3+ e4 31. Qh3 Bc1 32. Qh5 Qf5 33. Qxf5+ Rxf5
34. Rb3 Rf7 35. Rb6 e3 36. fxe3 Bxe3+ 37. Nxe3 Rxe3 38. h3 Re1+ 39. Kh2 Rd7 40.
Rg3 Ra1 41. Ra3 Rxa3 42. bxa3 Kg6 43. Kg3 Kf5 44. Kf3 Ke5 45. Ke3 g5 46. c3 h5
47. g3 h4 48. g4 Rf7 49. a4 Rf4 50. Rxb7 Rxc4 51. Ra7 Rxc3+ 52. Kf2 Rc2+ 53.
Kf3 c4 54. Rxa6 c3 55. Rc6 Kd5 56. Rc8 Rh2 57. a6 Rxh3+ 58. Ke2 Rh2+ 59. Kd3
Rh3+ 60. Kc2 Kd4 61. a7 Rh2+ 62. Kb3 Rb2+ 63. Ka3 Rb1 64. a8=Q Ra1+ 65. Kb4 h3
66. Rxc3 h2 67. Rh3 1-0

[Event "Ding Liren-A"]
[Site "Gatineau CAN"]
[Date "2023.09.19"]
[Round "2"]
[White "Chartrand, Alexis"]
[Black "Jacques, Olivier"]
[Result "0-1"]
[ECO "D15"]
[WhiteElo "1184"]
[BlackElo "1302"]
[PlyCount "98"]
[EventDate "2023.09.12"]
[EventType "swiss"]
[EventRounds "5"]
[EventCountry "CAN"]
[TimeControl "90+30"]

1. d4 d5 2. c4 c6 3. Nc3 Nf6 4. Nf3 a6 5. g3 b5 6. cxd5 cxd5 7. Bg2 e6 8. Bg5
Bd6 9. Ne5 O-O 10. e4 Be7 11. exd5 exd5 12. Bxf6 Bxf6 13. Nxd5 Ra7 14. Rc1 Bb7
15. Nxf6+ Qxf6 16. Bxb7 Rxb7 17. Qf3 Qxf3 18. Nxf3 f6 19. O-O Rd8 20. g4 Rbd7
21. Rfd1 Rd6 22. d5 Nd7 23. Rc6 Nb6 24. Rxd6 Rxd6 25. g5 Rxd5 26. Rxd5 Nxd5 27.
h4 Kf7 28. gxf6 Kxf6 29. Kh2 Nb4 30. a3 Nd3 31. Kg3 Nxb2 32. Nd4 Nc4 33. Nc2 g5
34. Nb4 gxh4+ 35. Kxh4 a5 36. Nc2 Ke5 37. Kg5 Ke4 38. f4 h6+ 39. Kxh6 Kd3 40.
Nb4+ axb4 41. axb4 Nd6 42. Kg6 Kc4 43. Kf6 Kxb4 44. Ke6 Kc5 45. f5 Nxf5 46.
Kxf5 Kd4 47. Kf4 b4 48. Kf3 b3 49. Ke2 b2 0-1

[Event "Ding Liren-A"]
[Site "Gatineau CAN"]
[Date "2023.09.19"]
[Round "2"]
[White "Filion, Yves"]
[Black "Simard, Francois"]
[Result "1/2-1/2"]
[ECO "C45"]
[WhiteElo "1501"]
[BlackElo "1447"]
[PlyCount "112"]
[EventDate "2023.09.12"]
[EventType "swiss"]
[EventRounds "5"]
[EventCountry "CAN"]
[TimeControl "5400+30"]

1. e4 e5 2. Nf3 Nc6 3. d4 exd4 4. Nxd4 Bc5 5. Be3 Qf6 6. c3 Nge7 7. Bc4 O-O 8.
Qd2 h6 9. O-O Bb6 10. Rd1 d6 11. Nxc6 Nxc6 12. Bxb6 axb6 13. Qd3 Ne5 14. Qf1
Nxc4 15. Qxc4 Qe7 16. Qd3 Be6 17. b3 Bxb3 18. Rd2 d5 19. exd5 Qe1+ 20. Qf1 Rfe8
21. Rd4 Bxa2 22. Nd2 Qxf1+ 23. Rxf1 Rad8 24. c4 b5 25. Ra1 Bxc4 26. Nxc4 bxc4
27. Rxc4 Rxd5 28. Rxc7 Rb8 29. Rb1 b5 30. h3 b4 31. Rb3 Kf8 32. Rf3 b3 33.
Rfxf7+ Ke8 34. Rxg7 Kd8 35. Ra7 Rd1+ 36. Kh2 Re1 37. Rg8+ Re8 38. Rxe8+ Kxe8
39. Ra1 b2 40. Rb1 Ke7 41. g4 Ke6 42. f4 Kd5 43. g5 hxg5 44. fxg5 Ke5 45. Kg3
Kf5 46. h4 Rb3+ 47. Kh2 Kg4 48. g6 Kxh4 49. g7 Rh3+ 50. Kg2 Rg3+ 51. Kf2 Rxg7
52. Rxb2 Rg4 53. Rb8 Kg5 54. Rg8+ Kf4 55. Ra8 Kg5 56. Ra5+ Kf4 1/2-1/2

[Event "Ding Liren-A"]
[Site "Gatineau CAN"]
[Date "2023.09.26"]
[Round "3"]
[White "Jacques, Olivier"]
[Black "Poitras, Sylvain"]
[Result "1/2-1/2"]
[ECO "B00"]
[WhiteElo "1302"]
[BlackElo "1380"]
[PlyCount "98"]
[EventDate "2023.09.12"]
[EventType "swiss"]
[EventRounds "5"]
[EventCountry "CAN"]
[TimeControl "90+30"]

1. e4 e6 2. d4 b6 3. Bd3 Bb7 4. Be3 Be7 5. Nd2 c5 6. c3 Nf6 7. Ngf3 Ng4 8. Bf4
O-O 9. O-O d6 10. h3 Nf6 11. Re1 d5 12. e5 Nfd7 13. Rc1 Nc6 14. Bb1 Re8 15. Qc2
Nf8 16. a3 f5 17. Nf1 Rc8 18. Qd3 Ng6 19. Bd2 Nh4 20. N1h2 c4 21. Qc2 Na5 22.
Ba2 Bc6 23. Ra1 Qd7 24. Reb1 Ba4 25. Qc1 Bb3 26. Bg5 Nxf3+ 27. Nxf3 Bxa2 28.
Rxa2 Nb3 29. Qe3 Bxg5 30. Qxg5 h6 31. Qg6 Qf7 32. Qxf7+ Kxf7 33. h4 Rg8 34. Rd1
Kg6 35. a4 Kh5 36. g3 g5 37. hxg5 hxg5 38. Nd2 f4 39. Nxb3 cxb3 40. Ra3 f3 41.
Kf1 Kg4 42. Ke1 Rh8 43. Kd2 Rh2 44. Ke3 Rch8 45. Raa1 Rg2 46. Rh1 Rhh2 47. Rxh2
Rxh2 48. Rf1 a6 49. Rg1 b5 1/2-1/2

[Event "Ding Liren-A"]
[Site "Gatineau CAN"]
[Date "2023.10.03"]
[Round "4"]
[White "Lecorre, Joel"]
[Black "Poitras, Sylvain"]
[Result "1/2-1/2"]
[ECO "B00"]
[WhiteElo "1528"]
[BlackElo "1380"]
[PlyCount "126"]
[EventDate "2023.09.12"]
[EventType "swiss"]
[EventRounds "5"]
[EventCountry "CAN"]
[TimeControl "90+30"]

1. e4 e6 2. d4 b6 3. Nc3 Bb7 4. Bd3 Nf6 5. Nf3 Bb4 6. Bg5 h6 7. Bxf6 Qxf6 8.
O-O Bxc3 9. bxc3 O-O 10. Re1 d6 11. Qe2 Nd7 12. Rab1 Rfe8 13. Bb5 Qd8 14. Ba6
Qc8 15. Bxb7 Qxb7 16. c4 c5 17. c3 Rac8 18. Nd2 Nf8 19. Qe3 Ng6 20. Rb2 Ne7 21.
Nb3 Qc7 22. Qd3 cxd4 23. Nxd4 Qxc4 24. Qxc4 Rxc4 25. Nb5 Ra8 26. Rb3 Rc6 27.
Rd1 d5 28. e5 Nf5 29. g4 Nh4 30. Rd3 Ng6 31. Rf3 Nxe5 32. Rf4 a6 33. Nd4 Rd6
34. h4 Nc4 35. g5 e5 36. Nf5 exf4 37. Nxd6 Nxd6 38. Rxb6 Nf5 39. gxh6 gxh6 40.
Rf6 Nxh4 41. Rxf4 Ng6 42. Rf6 a5 43. Rd6 Nf4 44. Kf1 h5 45. f3 Kf8 46. Rf6 Ne6
47. Rh6 Ke7 48. Rxh5 Kd6 49. Rf5 Ra7 50. Ke2 Nc5 51. Kd2 Ke6 52. Rh5 f5 53.
Rh6+ Ke5 54. Rc6 Ne6 55. Rc8 Ng5 56. Ke3 a4 57. f4+ Kf6 58. fxg5+ Kxg5 59. Rg8+
Kf6 60. Kf4 Re7 61. Rf8+ Kg6 62. Rg8+ Kf6 63. Rf8+ Kg6 1/2-1/2

[Event "Ding Liren-A"]
[Site "Gatineau CAN"]
[Date "2023.10.03"]
[Round "4"]
[White "Simard, Francois"]
[Black "Jacques, Olivier"]
[Result "0-1"]
[ECO "B01"]
[WhiteElo "1447"]
[BlackElo "1302"]
[PlyCount "98"]
[EventDate "2023.09.12"]
[EventType "swiss"]
[EventRounds "5"]
[EventCountry "CAN"]
[TimeControl "5400+30"]

1. e4 d5 2. exd5 Qxd5 3. Nf3 Bg4 4. Nc3 Qd7 5. Be2 Nc6 6. O-O O-O-O 7. Re1 e5
8. d3 h5 9. Be3 f6 10. a3 Nge7 11. b4 h4 12. Nd2 Bxe2 13. Qxe2 h3 14. g3 Nd4
15. Bxd4 Qxd4 16. Nce4 Nf5 17. Qg4 Qd7 18. Nb3 Nd4 19. Qxd7+ Rxd7 20. Nxd4 Rxd4
21. Kf1 Be7 22. f3 f5 23. Nf2 Bf6 24. Rad1 Kd7 25. c4 Kc6 26. Re3 f4 27. gxf4
Rxf4 28. Ne4 Be7 29. b5+ Kb6 30. a4 g5 31. Ke2 Rhf8 32. Rg1 Rg8 33. Rg3 Ka5 34.
Rxh3 Kxa4 35. Nc3+ Ka5 36. Nd5 Bc5 37. Rxe5 Rh4 38. Rxh4 gxh4 39. Nxc7 Rg2+ 40.
Kd1 Bd6 41. b6+ Kxb6 42. Nd5+ Kc5 43. Ne3+ Bxe5 44. Nxg2 h3 45. Ne1 Bxh2 46.
Ke2 Bg3 47. Kf1 Bxe1 48. Kg1 a5 49. Kh2 a4 0-1

[Event "Ding Liren-A"]
[Site "Gatineau CAN"]
[Date "2023.10.10"]
[Round "5"]
[White "Azar, Sebastien"]
[Black "Latreille, Etienne"]
[Result "0-1"]
[ECO "D23"]
[WhiteElo "2053"]
[BlackElo "2094"]
[PlyCount "97"]
[EventDate "2023.09.12"]
[EventType "swiss"]
[EventRounds "5"]
[EventCountry "CAN"]
[TimeControl "90+30"]

1. d4 d5 2. c4 c6 3. Nf3 Nf6 4. Qc2 dxc4 5. Qxc4 Bf5 6. Nc3 e6 7. g3 b5 8. Qb3
b4 9. Na4 Qd5 10. Bf4 Be4 11. Bg2 Be7 12. O-O Nbd7 13. Rfc1 Qb5 14. Qd1 O-O 15.
Ne1 Bxg2 16. Kxg2 Rfd8 17. Qc2 Rac8 18. Nc5 Nxc5 19. dxc5 Rd5 20. Nd3 Nd7 21.
Qc4 Qxc4 22. Rxc4 e5 23. Be3 a5 24. a3 b3 25. Rac1 Rb8 26. Bd2 f5 27. f3 e4 28.
fxe4 fxe4 29. Rxe4 Bxc5 30. Bc3 Bd6 31. Rf1 Rf8 32. Rxf8+ Kxf8 33. Nf4 Nc5 34.
Ne6+ Nxe6 35. Rxe6 Kf7 36. Re4 Rc5 37. Re3 a4 38. Kf3 Rc4 39. Kg2 Bc5 40. Rf3+
Ke6 41. Kf1 Bd4 42. Bxd4 Rxd4 43. Rc3 Kd5 44. Ke1 g5 45. Rd3 g4 46. Kd2 Ke4 47.
Kc3 c5 48. Rd2 Ke3 49. Rd3+ 0-1

[Event "Ding Liren-B"]
[Site "Gatineau CAN"]
[Date "2023.09.12"]
[Round "1"]
[White "Laflamme, Mathieu"]
[Black "Simard, Paul"]
[Result "1/2-1/2"]
[ECO "D06"]
[WhiteElo "1441"]
[BlackElo "1271"]
[PlyCount "72"]
[EventDate "2023.09.12"]
[EventType "swiss"]
[EventRounds "5"]
[EventCountry "CAN"]
[TimeControl "60+30"]

1. d4 d5 2. c4 c6 3. Nc3 Nf6 4. Nf3 Bf5 5. Bg5 e6 6. e3 Be7 7. cxd5 cxd5 8.
Bb5+ Nbd7 9. Ne5 O-O 10. Bxf6 Nxe5 11. Bxe5 a6 12. Bd3 Bxd3 13. Qxd3 Rc8 14.
Rc1 b5 15. O-O Bg5 16. a3 h6 17. Na2 Ra8 18. Rfe1 f6 19. Bg3 f5 20. Bf4 Be7 21.
Nb4 Bxb4 22. axb4 Qe7 23. Qd2 Rfc8 24. Rc2 Rxc2 25. Qxc2 Qxb4 26. Rc1 Kh7 27.
Be5 Ra7 28. g4 Qe7 29. gxf5 Qg5+ 30. Kh1 exf5 31. Rg1 Qh5 32. Qc5 Qf3+ 33. Rg2
Qd1+ 34. Rg1 Qf3+ 35. Rg2 Qd1+ 36. Rg1 Qf3+ 1/2-1/2

[Event "Ding Liren-B"]
[Site "Gatineau CAN"]
[Date "2023.10.10"]
[Round "5"]
[White "Gagne, Raphael"]
[Black "Laflamme, Mathieu"]
[Result "0-1"]
[ECO "D31"]
[WhiteElo "1143"]
[BlackElo "1417"]
[PlyCount "80"]
[EventDate "2023.09.12"]
[EventType "swiss"]
[EventRounds "5"]
[EventCountry "CAN"]
[TimeControl "1"]

1. d4 d5 2. c4 e6 3. Nc3 a6 4. e3 Nc6 5. b3 Nf6 6. Bd3 Nb4 7. cxd5 Nxd3+ 8.
Qxd3 exd5 9. e4 Bb4 10. e5 Ne4 11. Bb2 Qg5 12. g3 Bf5 13. Qc2 Nxg3 14. Qc1
Qxc1+ 15. Rxc1 Nxh1 16. a3 Be7 17. Nxd5 c6 18. Nb6 Rd8 19. Nf3 O-O 20. Kd2 Nxf2
21. Rf1 Ne4+ 22. Ke3 Bg6 23. b4 Ng5 24. Nd2 f6 25. Ndc4 fxe5 26. Rxf8+ Rxf8 27.
Nxe5 Bd6 28. Nbc4 Bxe5 29. Nxe5 Rf1 30. h4 Nf7 31. Ke2 Rh1 32. Ke3 Nxe5 33.
dxe5 Rxh4 34. Kf3 Kf7 35. Bc1 Ke6 36. Kg3 Rc4 37. Bf4 Rc3+ 38. Kg4 Bf5+ 39. Kg5
h6+ 40. Kh4 Rh3# 0-1

[Event "Grand Tour Leg 1 FM"]
[Site "Calgary CAN"]
[Date "2023.09.26"]
[Round "3"]
[White "Lodhi, Talha"]
[Black "Vickers, Josh"]
[Result "1-0"]
[ECO "B11"]
[WhiteElo "1269"]
[BlackElo "1214"]
[PlyCount "25"]
[EventDate "2023.09.12"]
[EventType "swiss"]
[EventRounds "5"]
[EventCountry "CAN"]
[TimeControl "90+30"]

1. e4 c6 2. Nf3 d5 3. Nc3 dxe4 4. Nxe4 Bf5 5. Ng3 Bg6 6. h4 h6 7. Ne5 Bh7 8.
Qh5 g6 9. Bc4 e6 10. Qe2 Nd7 11. Nxf7 Kxf7 12. Qxe6+ Kg7 13. Qf7# 1-0

[Event "Grand Tour Leg 1 FM"]
[Site "Calgary CAN"]
[Date "2023.10.03"]
[Round "4"]
[White "Vickers, Josh"]
[Black "Karabanov, Youri"]
[Result "1-0"]
[ECO "A53"]
[WhiteElo "1214"]
[BlackElo "1031"]
[PlyCount "131"]
[EventDate "2023.09.12"]
[EventType "swiss"]
[EventRounds "5"]
[EventCountry "CAN"]
[TimeControl "90+30"]

1. d4 Nf6 2. c4 d6 3. Nc3 c6 4. e4 Qa5 5. Bd2 Qc7 6. Nf3 e5 7. d5 Bg4 8. h3
Bxf3 9. Qxf3 Nbd7 10. Be2 Be7 11. Qg3 g6 12. Bh6 Bf8 13. Bxf8 Nxf8 14. f4 N8d7
15. Rf1 O-O-O 16. fxe5 dxe5 17. O-O-O Rhf8 18. Rf3 Nh5 19. Qf2 Qb6 20. Rf1 Qxf2
21. R3xf2 Nf4 22. h4 Nxe2+ 23. Nxe2 f6 24. g4 h6 25. Ng3 Kc7 26. h5 g5 27. Nf5
Nc5 28. Re2 cxd5 29. cxd5 Nd3+ 30. Kc2 Nf4 31. Rd2 Rh8 32. Rf3 Kd7 33. Rc3 Rc8
34. b3 Rc7 35. Kb2 Rxc3 36. Kxc3 Nh3 37. Rd3 Nf2 38. Rf3 Nxe4+ 39. Kd3 Nd6 40.
Nxd6 Kxd6 41. Rxf6+ Kxd5 42. Rf7 b6 43. Rd7+ Ke6 44. Rxa7 Rf8 45. Rh7 Rf3+ 46.
Ke2 e4 47. Rxh6+ Kd5 48. Rxb6 Kd4 49. Rd6+ Ke5 50. Rd7 Rh3 51. b4 Rh2+ 52. Ke3
Rh3+ 53. Kd2 Rh2+ 54. Kc3 Rh3+ 55. Kc2 Kf4 56. Rd4 Kf3 57. b5 e3 58. Rd3 Rh2+
59. Kc3 Kf2 60. b6 e2 61. Rd2 Rh3+ 62. Kc2 Kf1 63. Rxe2 Kxe2 64. b7 Ra3 65.
b8=Q Rxa2+ 66. Kb3 1-0

[Event "Grand Tour Leg 1 FM"]
[Site "Calgary CAN"]
[Date "2023.10.10"]
[Round "5"]
[White "Vickers, Josh"]
[Black "Zhang, Finley"]
[Result "1/2-1/2"]
[ECO "E90"]
[WhiteElo "1214"]
[BlackElo "1241"]
[PlyCount "62"]
[EventDate "2023.09.12"]
[EventType "swiss"]
[EventRounds "5"]
[EventCountry "CAN"]
[TimeControl "90+30"]

1. d4 Nf6 2. c4 g6 3. Nc3 Bg7 4. e4 d6 5. Nf3 Bd7 6. Bd3 c5 7. d5 O-O 8. h3 Na6
9. a3 Nc7 10. Be3 a6 11. Qd2 b5 12. Bh6 Rb8 13. Bxg7 Kxg7 14. b4 bxc4 15. Bxc4
cxb4 16. axb4 Rxb4 17. Bd3 Rb6 18. O-O Nb5 19. Rfb1 Nxc3 20. Rxb6 Qxb6 21. Qxc3
Bb5 22. Qb2 Qc5 23. Rc1 Qb6 24. e5 dxe5 25. Nxe5 Rb8 26. Rb1 Qd6 27. Bc4 Rc8
28. Bxb5 axb5 29. Ng4 Qxd5 30. Nxf6 exf6 31. Qxb5 Qxb5 1/2-1/2

[Event "Grand Tour Leg 1 Open"]
[Site "Calgary CAN"]
[Date "2023.10.10"]
[Round "5"]
[White "Wu, Jonathan"]
[Black "Soberov, Emil"]
[Result "0-1"]
[ECO "B12"]
[WhiteElo "2157"]
[BlackElo "2344"]
[PlyCount "58"]
[EventDate "2023.09.12"]
[EventType "swiss"]
[EventRounds "5"]
[EventCountry "CAN"]
[TimeControl "90+30"]

1. e4 c6 2. d4 d5 3. e5 Bf5 4. h4 h6 5. g4 Bd7 6. Nc3 h5 7. gxh5 Bf5 8. Nge2
Bg4 9. Bh3 Bxh3 10. Rxh3 e6 11. Ng3 c5 12. dxc5 Bxc5 13. Qg4 Kf8 14. Bg5 Qa5
15. Kf1 Nc6 16. Re1 Qb4 17. f4 Qd4 18. Nh1 Nh6 19. Qg2 Nf5 20. Rd3 Qc4 21. b3
Qa6 22. Nxd5 exd5 23. Qxd5 Bb4 24. Re2 Ncd4 25. h6 gxh6 26. Bf6 Rg8 27. e6 fxe6
28. Qd7 Nxe2 29. Kxe2 Qc6 0-1

[Event "Ju Wenjun-A"]
[Site "Gatineau CAN"]
[Date "2023.10.31"]
[Round "1"]
[White "Arseneault, Michel"]
[Black "Lattafi, Youcef"]
[Result "1-0"]
[ECO "A10"]
[WhiteElo "1828"]
[BlackElo "1940"]
[PlyCount "63"]
[EventDate "2023.10.31"]
[EventType "swiss"]
[EventRounds "7"]
[EventCountry "CAN"]
[TimeControl "90+30"]

1. c4 f5 2. Nf3 Nf6 3. g3 e6 4. Bg2 Be7 5. O-O O-O 6. b3 d6 7. d3 e5 8. Nc3 Nc6
9. Nd5 Nxd5 10. cxd5 Nb4 11. Nd2 a5 12. a3 Na6 13. Qc2 Bg5 14. f4 Bf6 15. Bb2
exf4 16. gxf4 Qe7 17. Nc4 Nc5 18. Bxf6 Rxf6 19. b4 axb4 20. axb4 Rxa1 21. Rxa1
Na6 22. b5 Nc5 23. Ra8 Rf8 24. e4 Bd7 25. Rxf8+ Kxf8 26. b6 cxb6 27. e5 Bb5 28.
d4 Ne4 29. Bxe4 fxe4 30. Nxd6 Qh4 31. Qc8+ Ke7 32. Nf5+ 1-0

[Event "Ju Wenjun-A"]
[Site "Gatineau CAN"]
[Date "2023.11.07"]
[Round "2"]
[White "Latreille, Etienne"]
[Black "Desjardins, Michel"]
[Result "1-0"]
[ECO "B01"]
[WhiteElo "2106"]
[BlackElo "1886"]
[PlyCount "73"]
[EventDate "2023.10.31"]
[EventType "swiss"]
[EventRounds "7"]
[EventCountry "CAN"]
[TimeControl "90+40"]

1. e4 d5 2. exd5 Qxd5 3. Nc3 Qd6 4. d4 Nf6 5. Nf3 g6 6. Nb5 Qb6 7. a4 a6 8. Na3
Bg7 9. Nc4 Qa7 10. Nce5 c5 11. Bc4 O-O 12. Be3 Nc6 13. Nxc6 bxc6 14. Ne5 Qb7
15. O-O Bf5 16. Ra3 Qxb2 17. Rb3 Qxc2 18. Qa1 cxd4 19. Bxd4 Nd5 20. Rc1 Qd2 21.
Rd1 Qh6 22. Nxc6 e6 23. Bxd5 exd5 24. Ne7+ Kh8 25. Nxf5 gxf5 26. f4 Rfd8 27.
Rb7 Kg8 28. a5 Bxd4+ 29. Qxd4 Qg7 30. Qb6 d4 31. Rd3 Rac8 32. Rg3 Qxg3 33. hxg3
d3 34. Qf6 Rf8 35. Rd7 Rc1+ 36. Kh2 Rd1 37. Qxf5 1-0

[Event "Ju Wenjun-A"]
[Site "Gatineau CAN"]
[Date "2023.11.07"]
[Round "2"]
[White "Seguin, Hubert"]
[Black "Filion, Yves"]
[Result "1-0"]
[ECO "B01"]
[WhiteElo "1481"]
[BlackElo "1472"]
[PlyCount "95"]
[EventDate "2023.10.31"]
[EventType "swiss"]
[EventRounds "7"]
[EventCountry "CAN"]
[TimeControl "90+30"]

1. e4 d5 2. exd5 Qxd5 3. Nc3 Qa5 4. d4 Nf6 5. Nf3 Bf5 6. Bd3 Nbd7 7. O-O Bxd3
8. Qxd3 O-O-O 9. Qc4 e6 10. Re1 c6 11. Bd2 Qc7 12. b4 Nb6 13. Qb3 Nfd5 14. Nxd5
exd5 15. Be3 Bd6 16. g3 f5 17. Bg5 Rde8 18. a3 h6 19. Bd2 g5 20. Qd3 Qf7 21.
Ne5 Qf6 22. f4 Nd7 23. c4 dxc4 24. Qxc4 Nb6 25. Qc2 Bxe5 26. dxe5 Qg6 27. Kh1
Re6 28. Be3 gxf4 29. gxf4 Nd5 30. Rad1 Nxe3 31. Rxe3 Qf7 32. Red3 Rg8 33. Qd2
Ree8 34. Rd7 Qg6 35. Rd6 Qg4 36. Qf2 Re6 37. R6d2 Reg6 38. a4 Qh3 39. b5 Rg2
40. Rd8+ Rxd8 41. Rxd8+ Kxd8 42. Qxg2 Qxg2+ 43. Kxg2 cxb5 44. axb5 a5 45. bxa6
bxa6 46. Kf2 a5 47. Ke2 Kc7 48. Kd2 1-0